 Dungeon Crawl Stone Soup version 0.31-a0-331-geda263fcf1 (webtiles) character file.

Game seed: 11710526506950942695

87 holysushi the Ducker (level 4, -4/64 HPs)
             Began as an Octopode Shapeshifter on July 19, 2023.
             Slain by a gnoll
             ... wielding a +0 flail
              (5 damage)
             ... on level 3 of the Dungeon.
             The game lasted 00:02:23 (2038 turns).

holysushi the Ducker (Octopode Shapeshifter)        Turns: 2038, Time: 00:02:23

Health: -4/64      AC: 22    Str: 14    XL:     4   Next: 51%
Magic:  4/4        EV:  2    Int: 10    God:
Gold:   89         SH:  0    Dex: 14    Spells: 3/3 levels left

rFire   . .          .
                       - Unarmed
rCold   . . .        e - orb {*Rage}
rNeg    . . .        (helmet currently unavailable)
rPois   +            (no amulet)
rElec   .            i - ring of resist corrosion
rCorr   +            (no ring)
SInv    .            (no ring)
Will    .....        (no ring) Stlth
                     (no ring)
HPRegen 0.30/turn    (no ring)
MPRegen 0.09/turn    (no ring)
                     (no ring)

%: random rage (20%)
@: berserking, tree-form, very quick
A: stationary, stasis, torment immunity, boosted hp, almost no armour,
(amphibious), 8 rings, (camouflage 1), (gelatinous body 1), (nimble swimmer 1),
(tentacles)
a: no special abilities


You were on level 3 of the Dungeon.
You were a tree.
You visited 1 branch of the dungeon, and saw 3 of its levels.

You collected 89 gold pieces.

Inventory:

Armour
 e - an orb of wrath (worn)
Jewellery
 i - a ring of resist corrosion (left branch)
Talismans
 b - a beast talisman
Scrolls
 c - a scroll of teleportation {unknown}
 d - 2 scrolls of amnesia {unknown}
 g - 2 scrolls of poison {unknown}
 h - a scroll of brand weapon {unknown}
 j - a scroll of identify {unknown}
 l - 3 scrolls of revelation {unknown}
 n - a scroll of vulnerability {unknown}
Potions
 f - a potion of enlightenment {unknown}
 k - a potion of mutation {unknown}
 m - a potion of curing {unknown}


   Skills:
 - Level 2.0 Fighting
 * Level 3.9 Dodging
 + Level 3.1 Unarmed Combat
 - Level 3.0 Shapeshifting


You had 3 spell levels left.
You didn't know any spells.
Your spell library was empty.

Dungeon Overview and Level Annotations

Branches:
Dungeon (3/15) Zot: 15854

Altars:
Yredelemnul

Shops:
D:1 !

Annotations:
D:3 1 runed translucent door, Ijyb


Innate Abilities, Weirdness & Mutations

You are a tree.
Your roots penetrate the ground, keeping you stationary.
You cannot be teleported.
You are immune to unholy pain and torment.
Your maximum health is greatly increased.
You cannot wear most types of armour.
((You are amphibious.))
You can wear up to eight rings at the same time.
((Your skin changes colour to match your surroundings (Stealth+).))
((Your rubbery body absorbs attacks. (AC +1, EV +1)))
((You are camouflaged when in or above water. (Stealth+)))
((You have tentacles for arms and can constrict up to eight enemies at once.))


Message History

You hear an angry hiss.
The gnoll closely misses you.
You closely miss the gnoll. You grab the gnoll. You squeeze the gnoll!
The gnoll is almost dead.
You constrict the gnoll, but do no damage.
The gnoll hits you with a +0 flail!
You release your grip on the gnoll.
The jackal attacks as you move away!
The jackal bites you but does no damage.
Okay, then.
Okay, then.
The gnoll attacks as you move away! The gnoll closely misses you.
Really quaff the potion of lignification?
Your transformation has ended.
You turn into a tree.
Your roots penetrate the ground.
You hit the gnoll.
The gnoll is lightly wounded.
The gnoll hits you but does no damage. x2
You completely miss the gnoll.
The gnoll is lightly wounded.
The gnoll hits you with a +0 whip.
* * * LOW HITPOINT WARNING * * *
The gnoll hits you with a +0 flail.
* * * LOW HITPOINT WARNING * * *
You completely miss the gnoll.
The gnoll is lightly wounded.
The gnoll hits you but does no damage. x2
You hit the gnoll.
The gnoll is moderately wounded.
The gnoll hits you but does no damage. x2
You barely miss the gnoll.
The gnoll is moderately wounded.
The gnoll hits you but does no damage. The gnoll hits you with a +0 flail!
* * * LOW HITPOINT WARNING * * *
A red film seems to cover your vision as you go berserk!
You feel yourself moving faster!
You feel mighty!
You barely miss the gnoll.
The gnoll is almost dead.
The gnoll hits you with a +0 whip.
* * * LOW HITPOINT WARNING * * *
The gnoll hits you but does no damage. The gnoll hits you with a +0 flail.
You die...

.#....#................#
.#####................#
####...............#
...#.###..(.......##
._.#.+p#.<.........# ....
...#.###......†....# ##...
###...............#
..[.#####.g..............#
#....#.#♣gh.............#
#....(##g...#.........##
##..h.g.g...#........##
####...##..#...##..######
........g......###.#
.........###....##.###
#.......## #.........##
........# #...##.....##
#...$...# #########...#


You could see Ijyb, 3 gnolls, a jackal and a neutral human (wandering).

Vanquished Creatures
  An adder (D:3)
  3 worms (D:2)
  A dart slug (D:2)
  7 ball pythons
  5 endoplasms
  3 giant cockroaches
  3 goblins (D:2)
  9 hobgoblins
  6 quokkas
  10 bats
  2 frilled lizards
  A goblin skeleton (D:3)
  7 kobolds
  A kobold skeleton (D:3)
  6 rats
65 creatures vanquished.

Notes
Turn   | Place    | Note
-------+----------+-------------------------------------------
     0 | D:1      | holysushi the Octopode Shapeshifter began the quest for the
                  | Orb.
     0 | D:1      | Reached XP level 1. HP: 14/14 MP: 1/1
   134 | D:1      | Found a faded altar of an unknown god.
   144 | D:1      | Reached XP level 2. HP: 17/19 MP: 2/2
   514 | D:1      | Reached XP level 3. HP: 24/24 MP: 3/3
  1018 | D:1      | Found Plog's Distillery.
  1342 | D:2      | Reached XP level 4. HP: 29/29 MP: 4/4
  1977 | D:3      | Found a runed translucent door.
  1977 | D:3      | Noticed a human
  1980 | D:3      | Found a basalt altar of Yredelemnul.
  2021 | D:3      | Noticed Ijyb
  2037 | D:3      | HP: 2/43 [gnoll/+0 flail (7)]
  2038 | D:3      | Slain by a gnoll

Illustrated notes

Levels and vault maps discovered:
D:1:      dpeg_arrival_tiny_a, layout_basic, ebering_ecumenical_altar_petrified,
          serial_shops, shop, minmay_cupped
D:2:      layout_basic, nicolae_kite_square_tiling_tiny,
          minmay_misc_feat_secret_circle, serial_bayou_pond_d,
          minmay_tetromino_t4
D:3:      layout_rooms, dk_yredelemnul_ordeal, mainiacjoe_overflow_alcove_4,
          uniq_terence, uniq_ijyb, uniq_jessica, uniq_crazy_yiuf_cottage

Skill      XL: |  1  2  3  4 |
---------------+-------------+-----
Dodging        | 3 |  3.9
Unarmed Combat | 3 |  3.1
Fighting       | |  2.0
Shapeshifting  | |  3.0

Action                     |  1- 3 |  4- 6 || total
---------------------------+-------+-------++-------
  Melee: Unarmed           |    82 |    32 ||   114
         Constrict         |    20 |    11 ||    31
         Tentacles         |    13 |    10 ||    23
         Punch             |     3 |       ||     3
    Use: Potion            |       |     1 ||     1
   Stab: Sleeping          |     8 |     3 ||    11
 Armour: Skin              |     5 |    10 ||    15
  Dodge: Dodged            |    67 |    17 ||    84

Table legend: (Time is in decaauts)
 A = Elapsed time spent in this place.
 B = Non-inter-level travel time spent in this place.
 C = Inter-level travel time spent in this place.
 D = Time resting spent in this place.
 E = Time spent auto-exploring this place.
 F = Levels seen in this place.
 G = Mean time per level.
                   A        B        C        D        E       F      G
               +--------+--------+--------+--------+--------+-----+--------+
         Total |   2144 |   2116 |     28 |    286 |   1333 |   3 |  714.7 |
       Dungeon |   2144 |   2116 |     28 |    286 |   1333 |   3 |  714.7 |
               +--------+--------+--------+--------+--------+-----+--------+

Top non-repeatable levels by time:
     D:1: 1176 daAuts
     D:2: 839 daAuts
     D:3: 128 daAuts
